 Dungeon Crawl Stone Soup version 0.23.2 (webtiles) character file.

Game seed: 5000404505074402214

1722 Gargoyl the Covered (level 8, -1/68 HPs)
             Began as a Centaur Abyssal Knight on Apr 6, 2019.
             Was a Believer of Lugonu.
             Succumbed to a water moccasin's poison
             ... on level 8 of the Dungeon.
             The game lasted 00:10:53 (7290 turns).

Gargoyl the Covered (Centaur Abyssal Knight)        Turns: 7290, Time: 00:10:54

Health: -1/68      AC: 13    Str: 15    XL:     8   Next: 75%
Magic:  11/11      EV:  5    Int: 11    God:    Lugonu [**....]
Gold:   270        SH:  0    Dex: 11    Spells: 7/7 levels left

rFire    . . .     SeeInvis .   a - +2 hand axe
rCold    . . .     Gourm    .   (no shield)
rNeg     . . .     Faith    .   d - +2 chain mail
rPois    .         Spirit   .   (helmet restricted)
rElec    .         Reflect  .   (no cloak)
rCorr    .         Harm     .   (no gloves)
MR       +....                  (no barding)
Stlth    ..........             (no amulet)
HPRegen  0.21/turn              p - ring of protection from magic
MPRegen  0.12/turn              (no ring)

@: lethally poisoned (-1 -> -18), very quick
A: large, antennae 1, hooves 3, slimy green scales 1, deformed body, speed 2,
tough skin 3, wild magic 1, MP-powered wands
a: Depart the Abyss, Bend Space, Renounce Religion


You were on level 8 of the Dungeon.
You worshipped Lugonu.
Lugonu was pleased with you.
You were not hungry.

You visited 1 branch of the dungeon, and saw 8 of its levels.
You visited the Abyss 1 time.

You collected 270 gold pieces.

Inventory:

Hand Weapons
 a - a +2 hand axe (weapon)
 g - a +0 broad axe
Armour
 d - a +2 chain mail (worn)
Jewellery
 p - a ring of protection from magic (left hand)
Wands
 o - a wand of polymorph (4)
Scrolls
 b - a scroll of identify
 e - a scroll of blinking {unknown}
 f - 2 scrolls of teleportation
 m - a scroll of magic mapping
Potions
 l - a potion of agility
Comestibles
 c - 8 rations
 h - 8 chunks of flesh


   Skills:
 + Level 5.1 Fighting
 + Level 4.8 Axes
 * Level 5.5 Armour
 * Level 3.0 Dodging
 * Level 4.8 Invocations
 + Level 0.4 Evocations


You had 7 spell levels left.
You didn't know any spells.
Your spell library was empty.

Dungeon Overview and Level Annotations

Branches:
Dungeon (8/15)
 Temple: D:4-7         Lair: D:8-11

Altars:
Cheibriados
Gozag
Hepliaklqana
Ru
Uskayaw
Wu Jian


Innate Abilities, Weirdness & Mutations

You have hooves in place of feet.
Armour fits poorly on your strangely shaped body.
You cover ground very quickly.
You have extremely tough skin. (AC +3)
You have a pair of small antennae on your head.
You are partially covered in slimy green scales. (AC +2)
Your spells are a little harder to cast, but a little more powerful.
You expend magic power (3 MP) to strengthen your wands.


Message History

You closely miss the water moccasin.
The water moccasin is severely wounded.
* * * LOW HITPOINT WARNING * * *
You feel sick. The water moccasin bites you.
* * * LOW HITPOINT WARNING * * *
Unknown command.
Okay, then.
You hit the water moccasin.
The water moccasin is almost dead.
* * * LOW HITPOINT WARNING * * *
You feel sick.
The water moccasin bites you but does no damage. x2
You miss the water moccasin.
The water moccasin is almost dead.
* * * LOW HITPOINT WARNING * * *
You feel sick.
The water moccasin bites you but does no damage.
You hit the water moccasin but do no damage.
The water moccasin is almost dead.
You die...

#.#.#.#
#$#.#.#
......#
##.#...###
.........
#..$..#
#.....#
#S#...#
#@# .....
#.# ####
#.# #.#
#........
######.##


You could see a water moccasin.

Vanquished Creatures
  Grinder (D:4)
  Edmund (D:5)
  Duvessa (D:6)
  A sky beast (D:5)
  A phantom (D:5)
  2 ogres
  3 centaurs
  A big kobold (D:4)
  Blork the orc (D:4)
  Dowan (D:6)
  A killer bee (D:6)
  A howler monkey (D:5)
  A bullfrog zombie (D:5)
  3 hounds
  A jelly (D:8)
  An orc wizard (D:7)
  Natasha (twice) (D:2)
  Terence (D:3)
  A worker ant (D:4)
  A howler monkey skeleton (D:6)
  7 adders
  A shadow imp (D:6)
  3 worms
  3 leopard geckos
  6 orcs
  5 giant cockroaches
  7 goblins
  6 hobgoblins
  6 jackals
  7 kobolds
  2 quokkas
  A ball python (D:2)
  8 bats
  2 frilled lizards
  A leopard gecko skeleton (D:4)
  5 rats
96 creatures vanquished.

Vanquished Creatures (others)
  2 starspawn tentacles (Abyss:2)
2 creatures vanquished.

Grand Total: 98 creatures vanquished

Notes
Turn   | Place    | Note
-------+----------+-------------------------------------------
     0 | Abyss:1  | Gargoyl the Centaur Abyssal Knight began the quest for the
                  | Orb.
     0 | Abyss:1  | Reached XP level 1. HP: 19/19 MP: 2/2
    27 | Abyss:2  | Noticed a tentacled starspawn
   126 | Abyss:4  | Noticed a thrashing horror
   127 | D:1      | Escaped the Abyss
   360 | D:1      | Reached * piety under Lugonu
   417 | D:1      | Reached XP level 2. HP: 21/26 MP: 3/3
   780 | D:2      | Found an ornate altar of the Wu Jian Council.
   844 | D:2      | Reached skill level 1 in Dodging
   869 | D:2      | Reached XP level 3. HP: 24/31 MP: 4/4
  1052 | D:2      | Reached XP level 4. HP: 22/40 MP: 5/5
  1367 | D:2      | Reached ** piety under Lugonu
  1377 | D:2      | Found a faded altar of an unknown god.
  2206 | D:2      | Noticed Natasha
  2214 | D:2      | Killed Natasha
  2234 | D:2      | Noticed Natasha
  2243 | D:2      | Killed Natasha
  2243 | D:2      | Reached XP level 5. HP: 25/46 MP: 7/7
  2876 | D:3      | Noticed an ogre
  3148 | D:3      | Killed an ogre
  3475 | D:3      | Found a hazy altar of Hepliaklqana.
  3535 | D:3      | Noticed Terence
  3546 | D:3      | Killed Terence
  3546 | D:3      | Reached XP level 6. HP: 40/52 MP: 8/8
  3710 | D:3      | Found a snail-covered altar of Cheibriados.
  4104 | D:4      | Noticed Blork the orc
  4117 | D:4      | Killed Blork the orc
  4744 | D:5      | Entered Level 5 of the Dungeon
  4748 | D:5      | Gained mutation: Your spells are a little easier to cast,
                  | but a little less powerful. [potion of mutation]
  4748 | D:5      | Gained mutation: Your magical capacity is low. (-10% MP)
                  | [potion of mutation]
  4748 | D:5      | Gained mutation: You are agile. (Dex +2) [potion of
                  | mutation]
  4749 | D:5      | Lost mutation: Your spells are a little easier to cast, but
                  | a little less powerful. [potion of mutation]
  4749 | D:5      | Lost mutation: You are agile. (Dex +2) [potion of mutation]
  4749 | D:5      | Lost mutation: Your magical capacity is low. (-10% MP)
                  | [potion of mutation]
  4749 | D:5      | Gained mutation: Your magical capacity is low. (-10% MP)
                  | [potion of mutation]
  4749 | D:5      | Gained mutation: You can translocate small distances at
                  | will. [potion of mutation]
  4750 | D:5      | Lost mutation: Your magical capacity is low. (-10% MP)
                  | [potion of mutation]
  4750 | D:5      | Lost mutation: You can translocate small distances at will.
                  | [potion of mutation]
  4750 | D:5      | Gained mutation: Your spells are a little harder to cast,
                  | but a little more powerful. [potion of mutation]
  4750 | D:5      | Gained mutation: You are partially covered in slimy green
                  | scales. (AC +2) [potion of mutation]
  4750 | D:5      | Gained mutation: You have a pair of small antennae on your
                  | head. [potion of mutation]
  4750 | D:5      | Gained mutation: You expend magic power (3 MP) to
                  | strengthen your wands. [potion of mutation]
  4770 | D:5      | Noticed Edmund
  5053 | D:5      | Killed Edmund
  5053 | D:5      | Reached XP level 7. HP: 53/59 MP: 9/9
  5152 | D:5      | Noticed a +0 dagger
  5152 | D:5      | Noticed a +0 hand axe
  5173 | D:5      | Noticed Grinder
  5182 | D:5      | Found a hide-covered altar of Uskayaw.
  5729 | D:4      | Killed Grinder
  5729 | D:4      | Reached XP level 8. HP: 28/67 MP: 11/11
  6346 | D:5      | Reached skill level 5 in Armour
  6732 | D:6      | Found a sacrificial altar of Ru.
  6736 | D:6      | Noticed Duvessa
  6740 | D:6      | Noticed Dowan
  6752 | D:6      | Killed Duvessa
  6759 | D:6      | Killed Dowan
  6759 | D:6      | Reached skill level 5 in Fighting
  6760 | D:6      | Found an opulent altar of Gozag.
  7288 | D:8      | HP: 2/68 [poisoned by a water moccasin]
  7290 | D:8      | Succumbed to a water moccasin's poison

Skill      XL: |  1  2  3  4  5  6  7  8 |
---------------+-------------------------+-----
Axes           | 2 3 4 |  4.8
Dodging        | 1 2 3 |  3.0
Armour         | 2 3 4 5 |  5.5
Fighting       | 4 5 |  5.1
Invocations    | 3 4 |  4.8
Evocations     | |  0.4

Action                   |  1- 3 |  4- 6 |  7- 9 || total
-------------------------+-------+-------+-------++-------
Melee: Hand axe          |    85 |   218 |   178 ||   481
       Kick              |    10 |    44 |    41 ||    95
Invok: Depart the Abyss  |     1 |       |       ||     1
Evoke: Wand              |       |     4 |       ||     4
  Use: Scroll            |     8 |     4 |     3 ||    15
       Potion            |       |     6 |     9 ||    15
  Eat: Chunk             |       |     9 |     2 ||    11
       Ration            |       |     1 |     1 ||     2
Armor: Chain mail        |    83 |   162 |   119 ||   364
Dodge: Dodged            |    25 |    59 |    75 ||   159
